 Dungeon Crawl Stone Soup version 0.22-a0-812-g4c1e2d5471 (webtiles) character file.

116310 Htamos the Tortoise (level 17, -2/205 HPs)
             Began as a Formicid Berserker on July 23, 2018.
             Was the Champion of Trog.
             Slain by a spectral eight-headed hydra (7 damage)
             ... called from beyond by a ghost crab
             ... on level 4 of the Swamp.
             The game lasted 01:22:54 (34581 turns).

Htamos the Tortoise (Formicid Berserker)           Turns: 34581, Time: 01:22:54

Health: -2/205     AC: 28    Str: 24    XL:     17   Next: 26%
Magic:  5/5        EV:  2    Int:  7    God:    Trog [******]
Gold:   748        SH: 19    Dex: 15    Spells: 16/16 levels left

rFire    . . .     SeeInvis .   L - +5 executioner's axe (antimagic)
rCold    . . .     Gourm    .   O - +0 large shield
rNeg     + + +     Faith    .   (armour currently unavailable)
rPois    +         Spirit   .   (helmet unavailable)
rElec    .         Reflect  .   (cloak currently unavailable)
rCorr    .         Harm     .   (gloves currently unavailable)
MR       ++...                  (boots currently unavailable)
Stlth    +.........             Y - amulet of regeneration
HPRegen  0.84/turn              K - ring of poison resistance
MPRegen  0.09/turn              M - ring of protection from magic

@: tree-form, studying Armour, drained, very slow
A: permanent stasis, dig shafts and tunnels, four strong arms
a: Trog's Hand, Brothers in Arms, Renounce Religion


You were on level 4 of the Swamp.
You worshipped Trog.
Trog was exalted by your worship.
You were not hungry.
You were a tree.
You visited 5 branches of the dungeon, and saw 25 of its levels.

You collected 2542 gold pieces.
You spent 1794 gold pieces at shops.

Inventory:

Hand Weapons
 b - a +4 scimitar of flaming
 m - the +8 mace of the Final Decision {chaos, Str+4 Dex+4}
   (You found it on level 6 of the Lair of Beasts)

   Each time it hits an enemy it has a different, random effect.
   It affects your strength (+4).
   It affects your dexterity (+4).
 J - a +3 antimagic battleaxe
 L - a +5 antimagic executioner's axe (weapon)
 Q - a +7 broad axe
 V - a +2 great mace of holy wrath
Armour
 q - a +0 troll leather armour
 u - a +0 pair of boots (melded)
 y - a +0 cloak (melded)
 B - a +2 pair of gloves (melded)
 O - a +0 large shield (worn)
 S - a +0 plate armour of cold resistance (melded)
Jewellery
 e - an uncursed ring of fire
 s - an uncursed ring of positive energy
 w - an uncursed ring of fire
 C - an uncursed ring of protection from cold
 E - an uncursed ring of resist corrosion
 G - an uncursed ring of protection from fire
 K - a ring of poison resistance (left branch)
 M - a ring of protection from magic (right branch)
 W - an uncursed ring of protection from cold
 Y - an amulet of regeneration (around neck)
Wands
 n - a wand of acid (3)
 z - a wand of scattershot (3)
 H - a wand of digging (22)
 I - a wand of disintegration (26)
 N - a wand of enslavement (8)
 P - a wand of clouds (1)
 U - a wand of random effects (76)
Scrolls
 d - 5 scrolls of fog
 f - 3 scrolls of enchant armour
 i - a scroll of summoning {unknown}
 j - 12 scrolls of remove curse
 r - 3 scrolls of magic mapping
 x - 2 scrolls of identify
 R - 2 scrolls of fear
 Z - 3 scrolls of vulnerability
Potions
 a - a potion of resistance
 g - 4 potions of magic
 h - 2 potions of curing
 l - 2 potions of mutation
 o - 4 potions of flight
 v - 5 potions of brilliance
 D - 2 potions of cancellation
 F - 2 potions of agility
 X - a potion of berserk rage {unknown}
Books
 k - a manual of Armour
Miscellaneous
 p - a fan of gales
Comestibles
 c - 42 rations


   Skills:
 + Level 13.6(13.2) Fighting
 * Level 16.6(16.2) Axes
 * Level 16.9(16.6) Armour
 + Level 11.5(11.2) Dodging
 + Level 12.1(11.7) Shields


You had 16 spell levels left.
You didn't know any spells.
Your spell library was empty.

Dungeon Overview and Level Annotations

Branches:
Dungeon (12/15)            Temple (1/1) D:4            Lair (6/6) D:9
  Swamp (4/4) Lair:2        Snake (0/4) Lair:2        Slime (0/5) Lair:6
    Orc (2/2) D:10            Elf (0/3) Orc:2

Altars:
Ashenzari
Cheibriados
Dithmenos
Elyvilon
Fedhas
Gozag
Hepliaklqana
Kikubaaqudgha
Makhleb
Nemelex Xobeh
Okawaru
Qazlal
Ru
Sif Muna
Trog
Uskayaw
Vehumet
Wu Jian
Xom
Yredelemnul
Zin
The Shining One

Shops:
D:4 ?=!   D:6 (   D:11 (   Orc:2 *%:[(

Annotations:
D:10 1 runed door, Roikka's ghost, journeyman TrMo
D:12 2 runed doors
Lair:2 1 exclusion
Lair:3 exclusion: 2 oklob plants


Innate Abilities, Weirdness & Mutations

You cannot be hasted, slowed, berserked, paralysed or teleported.
You can dig through walls and to a lower floor.
Your four strong arms can wield two-handed weapons with a shield.
((You have a pair of large antennae on your head. (SInv)))


Message History

The spectral eight-headed hydra bites you but does no damage.
The spectral eight-headed hydra bites you.
* * * LOW HITPOINT WARNING * * *
The ghost crab bites you but does no damage.
The ghost crab completely misses you.
You slash the ghost crab!
The ghost crab is almost destroyed.
You slice the spectral eight-headed hydra!!
The spectral eight-headed hydra bites you but does no damage.
You block the spectral eight-headed hydra's attack. x2
The spectral eight-headed hydra bites you but does no damage. x2
You block the spectral eight-headed hydra's attack.
The spectral eight-headed hydra bites you.
* * * LOW HITPOINT WARNING * * *
You block the spectral eight-headed hydra's attack.
The ghost crab breathes spectral mist at you.
The spectral mist engulfs you!
The spectral eight-headed hydra bites you but does no damage. x4
The spectral eight-headed hydra bites you!
You die...

≈..≈# ♣..≈ #§.## ♣♣≈.
##§≈.# ♣♣≈ #{§≈##≈♣ ♣♣
♣♣♣# #####.## . ♣≈ ♣♣≈#≈♣
♣≈###†.#≈♣♣♣♣§
♣≈≈≈≈♣♣♣♣♣♣.≈#.§.#.♣♣≈≈.
♣≈≈≈≈≈♣§§§♣♣.#§§.≈♣♣♣..≈
♣≈≈≈≈≈♣♣t#♣♣♣.§.≈♣♣♣≈≈≈#
♣≈≈#≈≈§#Z§§♣♣♣§.≈≈♣♣.♣..
♣♣.♣♣≈♣§{§§§§♣♣♣§.[....≈[
♣.§§..♣♣≈§§§≈≈≈.§.....#..
♣..§..♣♣♣#......§..†≈....
♣♣..≈..♣♣...♣♣♣♣♣♣♣.≈≈...
♣♣≈.≈..≈.§≈.♣♣♣.≈...†..♣
♣≈...≈≈.≈≈.≈.♣♣.≈≈.≈...♣
♣...♣♣.......♣♣♣..♣♣.≈.♣


You could see a ghost crab and a spectral eight-headed hydra.

Vanquished Creatures
  Nikola (Lair:2)
  Frances (Swamp:1)
  Kirke (Swamp:2)
  2 thorn hunters (Swamp:3)
  The ghost of Xerofum the Severer, a journeyman HOMo of Beogh (Lair:5)
  Josephine (D:11)
  5 ghost crabs
  20 hydras
  Erica (D:8)
  Harold (D:8)
  A catoblepas (Lair:6)
  4 two-headed ogres
  3 death yaks (Lair:6)
  A deep troll shaman (Lair:6)
  12 alligators
  An orc high priest (Orc:2)
  Sonja (Lair:4)
  An unseen horror (D:11)
  3 spriggan druids (Swamp:2)
  3 orc knights (Orc:1)
  4 shambling mangroves
  11 swamp dragons
  2 lindwurms (Lair:6)
  An orc sorcerer (Orc:2)
  9 ugly things
  A wolf spider (Lair:6)
  An oklob plant (Lair:2)
  6 elephants
  The ghost of Ywein the Slasher, a novice MiFi (D:3)
  A black mamba (Lair:4)
  12 spiny frogs
  5 komodo dragons
  3 rime drakes
  3 trolls
  2 polar bears (Lair:6)
  5 bog bodies
  Grinder (D:4)
  7 slime creatures
  9 tyrant leeches
  21 blink frogs
  10 hornets
  Prince Ribbit (Lair:2)
  12 hippogriffs
  A meliai zombie (D:11)
  2 shadows
  5 wraiths
  9 spriggans
  A wyvern (D:9)
  Eustachio (D:4)
  44 yaks
  2 basilisks
  5 hogs
  2 humans
  6 vampire mosquitoes
  A hungry ghost (D:9)
  4 wargs
  A death yak simulacrum (Lair:5)
  16 swamp worms
  3 nagas (Lair:2)
  2 hydra simulacra (Lair:5)
  15 insubstantial wisps
  16 water moccasins
  12 porcupines
  2 phantoms
  8 swamp drakes
  2 sky beasts
  6 ice beasts
  2 black bears
  3 black mamba simulacra (Lair:5)
  29 orc warriors
  14 wolves
  5 centaurs
  12 ogres
  24 crocodiles
  11 bullfrogs
  A wyvern zombie (D:7)
  A dream sheep simulacrum (Lair:5)
  3 killer bees (D:9)
  4 scorpions
  6 wights
  10 electric eels
  3 crimson imps
  4 howler monkeys
  2 bullfrog zombies
  A komodo dragon simulacrum (Lair:5)
  A bullfrog skeleton (D:8)
  6 hounds
  3 jellies
  20 orc priests
  2 centaur skeletons
  3 iguanas
  34 orc wizards
  2 hell rats (Lair:4)
  9 worker ants
  2 centaur simulacra (D:3)
  2 hound zombies
  A hound skeleton (D:8)
  3 worker ant zombies
  7 adders
  11 gnolls
  2 howler monkey skeletons
  5 river rats (Lair:4)
  4 shadow imps
  A worker ant simulacrum (D:3)
  2 oozes
  2 adder skeletons
  An adder zombie (D:10)
  A worm (D:3)
  2 adder simulacra (D:3)
  2 dart slugs
  8 leopard geckos
  89 orcs
  5 ball pythons
  13 bats
  7 giant cockroaches
  47 goblins
  23 hobgoblins
  9 jackals
  4 quokkas
  3 frilled lizards
  12 kobolds
  A quokka skeleton (D:6)
  9 rats
  A briar patch (Swamp:3)
  A butterfly (Lair:3)
  3 fungi
  5 plants
861 creatures vanquished.

Vanquished Creatures (collateral kills)
  2 orc warlords
  The ghost of Mirvelgyr the Cleaver, a novice MiBe of Trog (D:8)
  3 orc knights (Orc:2)
  An orc sorcerer (Orc:2)
  A troll (Orc:2)
  8 orc warriors
  3 orc wizards
19 creatures vanquished.

Vanquished Creatures (others)
  3 alligators (Swamp:4)
  An ugly thing (Swamp:4)
  A komodo dragon (Swamp:2)
  A tyrant leech (Swamp:2)
  2 humans
  A leopard gecko (D:11)
  An orc (Orc:1)
  A briar patch (Swamp:3)
  4 fungi (Lair:4)
  9 plants
  8 toadstools (Swamp:3)
32 creatures vanquished.

Grand Total: 912 creatures vanquished

Notes
Turn   | Place    | Note
-------+----------+-------------------------------------------
     0 | D:1      | Htamos the Formicid Berserker began the quest for the Orb.
     0 | D:1      | Reached XP level 1. HP: 18/18 MP: 1/1
   540 | D:1      | Reached XP level 2. HP: 15/24 MP: 2/2
  1263 | D:2      | Reached XP level 3. HP: 28/29 MP: 3/3
  1992 | D:2      | Reached XP level 4. HP: 14/37 MP: 4/4
  2447 | D:2      | Found an ancient bone altar of Kikubaaqudgha.
  2647 | D:3      | Reached ** piety under Trog
  2700 | D:3      | Reached XP level 5. HP: 15/42 MP: 5/5
  3380 | D:3      | Found a runed gate.
  3380 | D:3      | Found a runed gate.
  3380 | D:3      | Found a runed gate.
  3456 | D:3      | Noticed Ywein's ghost (novice MiFi)
  3502 | D:3      | Reached XP level 6. HP: 48/48 MP: 6/6
  3517 | D:3      | Killed Ywein's ghost
  3517 | D:3      | Reached skill level 5 in Axes
  3517 | D:3      | Reached XP level 7. HP: 22/55 MP: 7/7
  3957 | D:3      | Reached skill level 5 in Fighting
  4072 | D:4      | Noticed Eustachio
  4085 | D:4      | Killed Eustachio
  4085 | D:4      | Reached XP level 8. HP: 54/62 MP: 8/8
  4150 | D:4      | Found a staircase to the Ecumenical Temple.
  4177 | Temple   | Entered the Ecumenical Temple
  4337 | D:4      | Reached *** piety under Trog
  4562 | D:4      | Found Amakh's Distillery.
  4570 | D:4      | Bought a potion of heal wounds for 50 gold pieces
  4570 | D:4      | Bought a potion of heal wounds for 50 gold pieces
  4570 | D:4      | Bought a potion of heal wounds for 50 gold pieces
  4662 | D:4      | Noticed Grinder
  4673 | D:4      | Killed Grinder
  4673 | D:4      | Reached skill level 5 in Armour
  5054 | D:4      | Found Ydan's Magic Scroll Shoppe.
  5184 | D:4      | Found Diott's Jewellery Shoppe.
  5468 | D:5      | Entered Level 5 of the Dungeon
  5492 | D:5      | Found a deep blue altar of Sif Muna.
  5769 | D:5      | Found a blossoming altar of Fedhas.
  5828 | D:5      | Reached XP level 9. HP: 48/69 MP: 9/9
  6475 | D:6      | Reached **** piety under Trog
  6479 | D:6      | Found Huacsi's Weapon Shoppe.
  6591 | D:6      | Reached skill level 5 in Dodging
  7918 | D:6      | Found a sparkling altar of Nemelex Xobeh.
  8575 | D:6      | Reached ***** piety under Trog
  9338 | D:7      | Reached XP level 10. HP: 64/79 MP: 10/10
 10916 | D:8      | Found a flagged portal.
 11049 | D:8      | Noticed Erica
 11063 | D:8      | Killed Erica
 11253 | D:8      | Noticed Harold
 11296 | D:8      | Killed Harold
 11296 | D:8      | Reached skill level 10 in Axes
 11470 | D:8      | Noticed an 11-headed hydra
 11471 | D:8      | Found a runed gate.
 11475 | D:8      | Found a runed gate.
 11476 | D:8      | Found a runed gate.
 11480 | D:8      | Noticed Mirvelgyr's ghost (novice MiBe)
 11805 | D:8      | Found a glowing silver altar of Zin.
 11805 | D:8      | Found a snail-covered altar of Cheibriados.
 11810 | D:8      | Found a shadowy altar of Dithmenos.
 11824 | D:8      | Found a glowing golden altar of the Shining One.
 11825 | D:8      | Found a faded altar of an unknown god.
 11989 | D:8      | Killed Mirvelgyr's ghost
 11989 | D:8      | Reached XP level 11. HP: 51/87 MP: 11/11
 11993 | D:8      | Killed a ten-headed hydra
 12149 | D:9      | Found an opulent altar of Gozag.
 12309 | D:9      | Found a basalt altar of Yredelemnul.
 12591 | D:9      | Found a staircase to the Lair.
 12596 | D:9      | Noticed a two-headed ogre
 12620 | D:9      | Killed a two-headed ogre
 13156 | D:9      | Noticed a two-headed ogre
 13163 | D:9      | Killed a two-headed ogre
 13186 | D:9      | Received a gift from Trog
 13552 | D:10     | Entered Level 10 of the Dungeon
 14170 | D:10     | Noticed a two-headed ogre
 14178 | D:10     | Killed a two-headed ogre
 14348 | D:10     | Found a runed door.
 14349 | D:10     | Noticed Roikka's ghost (journeyman TrMo)
 14490 | D:10     | Reached XP level 12. HP: 74/96 MP: 4/12
 14905 | D:10     | Found a staircase to the Orcish Mines.
 15005 | D:11     | Noticed Josephine
 15399 | D:11     | Killed Josephine
 15638 | D:11     | Reached skill level 10 in Fighting
 15688 | D:11     | Found Zyjoem's Antique Weapon Shoppe.
 15701 | D:11     | Bought a glowing battleaxe for 209 gold pieces
 16033 | D:11     | Reached skill level 10 in Armour
 16044 | D:11     | Received a gift from Trog
 16120 | D:11     | Noticed an unseen horror
 16126 | D:11     | Killed an unseen horror
 16511 | D:12     | Found a large runed door.
 16511 | D:12     | Found a large runed door.
 16780 | D:12     | Noticed a two-headed ogre
 16796 | D:12     | Killed a two-headed ogre
 16796 | D:12     | Reached XP level 13. HP: 50/104 MP: 13/13
 17193 | Orc:1    | Entered Level 1 of the Orcish Mines
 17336 | Orc:2    | Entered Level 2 of the Orcish Mines
 17362 | Orc:2    | Reached skill level 1 in Shields
 17552 | Orc:2    | Found Vaca's Antique Armour Shoppe.
 17582 | Orc:2    | Found Istunic's Book Shoppe.
 19128 | Orc:2    | Found Bevakum's General Store.
 19159 | Orc:2    | Found Ruuf Hau's Food Emporium.
 19226 | Orc:2    | Found a staircase to the Elven Halls.
 19327 | Orc:2    | Found Pevoezxa's Antique Weapon Shoppe.
 19327 | Orc:2    | Noticed an orc warlord
 19340 | Orc:2    | Killed an orc warlord
 19963 | Orc:1    | Noticed an orc warlord
 20184 | Orc:1    | Killed an orc warlord
 20184 | Orc:1    | Reached skill level 5 in Shields
 20239 | Orc:1    | Received a gift from Trog
 20671 | Lair:1   | Entered Level 1 of the Lair of Beasts
 21062 | Lair:1   | Received a gift from Trog
 21345 | Lair:1   | Noticed a five-headed hydra
 21356 | Lair:1   | Killed a one-headed hydra
 21628 | Lair:1   | Found an ornate altar of the Wu Jian Council.
 21738 | Lair:2   | Found a staircase to the Swamp.
 22312 | Lair:2   | Found a white marble altar of Elyvilon.
 22343 | Lair:2   | Reached XP level 14. HP: 54/113 MP: 14/14
 22958 | Lair:2   | Found a staircase to the Snake Pit.
 23322 | Lair:2   | Noticed Prince Ribbit
 23326 | Lair:2   | Killed Prince Ribbit
 24511 | Orc:2    | Bought a manual of Armour for 1435 gold pieces
 25566 | Lair:4   | Noticed Sonja
 25577 | Lair:4   | Killed Sonja
 25631 | Lair:4   | Received a gift from Trog
 26061 | Lair:4   | Reached skill level 10 in Dodging
 26538 | Lair:5   | Found a runed gate.
 26538 | Lair:5   | Found a runed gate.
 26539 | Lair:5   | Found a runed gate.
 26609 | Lair:5   | Noticed Xerofum's ghost (journeyman HOMo)
 26627 | Lair:5   | Killed Xerofum's ghost
 27107 | Lair:6   | Entered Level 6 of the Lair of Beasts
 27305 | Lair:6   | Reached XP level 15. HP: 81/120 MP: 15/15
 27644 | Lair:6   | Reached ****** piety under Trog
 27644 | Lair:6   | Reached skill level 15 in Axes
 27666 | Lair:6   | Received a gift from Trog
 27683 | Lair:6   | Found a staircase to the Slime Pits.
 28175 | Lair:6   | Reached skill level 10 in Shields
 28250 | Lair:6   | Received a gift from Trog
 28298 | Lair:6   | Got a crystal mace
 28300 | Lair:6   | Identified the +8 mace of the Final Decision {chaos, Str+4 Dex+4} (You found it on level 6 of the Lair of Beasts)
 28645 | Swamp:1  | Entered Level 1 of the Swamp
 28645 | Swamp:1  | Noticed Nikola
 28662 | Lair:2   | Killed Nikola
 28923 | Swamp:1  | Noticed Frances
 29213 | Swamp:1  | Killed Frances
 29855 | Swamp:1  | Found a glowing silver altar of Zin.
 30549 | Swamp:2  | Reached XP level 16. HP: 125/129 MP: 16/16
 30677 | Swamp:2  | Noticed Kirke
 30700 | Swamp:2  | Killed Kirke
 31090 | Swamp:2  | Reached skill level 15 in Armour
 31652 | Swamp:3  | Noticed a thorn hunter
 31719 | Swamp:3  | Killed a thorn hunter
 31979 | Swamp:3  | Received a gift from Trog
 32035 | Swamp:3  | Noticed a thorn hunter
 32049 | Swamp:3  | Killed a thorn hunter
 32714 | Swamp:4  | Entered Level 4 of the Swamp
 33652 | Swamp:4  | Reached XP level 17. HP: 67/137 MP: 6/17
 34175 | Swamp:4  | Received a gift from Trog
 34575 | Swamp:4  | HP: 1/137 [ghost crab] (9)]
 34580 | Swamp:4  | HP: 7/205 [spectral eight-headed hydra[a ghost crab] (4)]
 34581 | Swamp:4  | Slain by a spectral eight-headed hydra

Vault maps used:
D:1:      nagdon_arrival_double_spiral
D:2:      kiku_gazebo_pond_becter, first_ration
D:3:      gammafunk_ghost_icy, hangedman_decor_clover_reticule
D:4:      minmay_temple_entry_hall, serial_shops, shop, shop,
          nicolae_shop_stone, uniq_eustachio, uniq_grinder
D:5:      lemuel_crystal_altar, kennysheep_mini, grunt_ministairs_15,
          kennysheep_generic_room_8
D:6:      minmay_goblin_kobold_castle, nemelex_altar_shiori, serial_shops, shop,
          roderic_batcave
D:7:      solitary_fountain
D:8:      chequers_temple_overflow_minitemple, gammafunk_ghost_hydra_chop,
          enter_bailey_3, uniq_harold, uniq_erica
D:9:      nicolae_gozag_cash_rules_everything_around_me,
          yredelemnul_altar_generic, erik_lair_orcish_takeover
D:10:     hiddenorc1_lemuel, ebering_ghost_reflecting_pool
D:11:     serial_shops, nicolae_shop_window_shopping, grunt_livestock,
          uniq_josephine
D:12:     minmay_misc_feat_rows, lightli_elemental_guards
Temple:   nicolae_temple_hex_pool
Lair:1:   basic_altar
Lair:2:   minmay_swamp_entry_eels, guppyfry_snake_entry_island, minivault_11,
          lemuel_oklob_altar, infiniplex_staircase_pool, uniq_prince_ribbit2
Lair:3:   beast_lair_carwin_10, grunt_megastairs_5, lemuel_fruit_fields,
          minmay_lair_oklob_chamber, serial_bayou_shore_b
Lair:4:   kennysheep_rathole, grunt_megastairs_3, lemuel_fruit_tree, uniq_sonja
Lair:5:   gammafunk_ghost_icy
Lair:6:   grunt_lair_end_beastmaster, slime_dummy,
          grunt_forest_large_clearing_hut
Swamp:1:  nicolae_swamp_godswood, uniq_frances, uniq_nikola
Swamp:2:  nicolae_swamp_round_clearing, uniq_kirke
Swamp:3:  cheibrodos_swamp_tower_of_moss, evilmike_swamp_ruin_rubble_2
Swamp:4:  swamp_old_school
Orc:1:    serial_shops, shop_statue
Orc:2:    grunt_orc_gardens, grunt_orc_garden, grunt_orc_garden,
          grunt_orc_garden, grunt_orc_garden, serial_shops,
          nicolae_shop_statue_plus

Skill      XL: |  1  2  3  4  5  6  7  8  9 10 11 12 13 14 15 16 17 |
---------------+----------------------------------------------------+-----
Dodging        | 2 3 4 5 6 7 8 9 10 11 | 11.5
Axes           | 4 5 6 7 8 10 11 13 14 15 16 | 16.6
Armour         | 3 4 5 6 8 9 10 11 12 14 16 | 16.9
Fighting       | 4 5 6 7 8 9 10 11 12 13 | 13.6
Shields        | 6 9 10 11 12 | 12.1

Action                   |  1- 3 |  4- 6 |  7- 9 | 10-12 | 13-15 | 16-18 || total
-------------------------+-------+-------+-------+-------+-------+-------++-------
Melee: Hand axe          |   123 |    56 |       |   151 |       |       ||   330
       Flail             |       |    31 |   506 |    67 |       |       ||   604
       War axe           |       |       |       |   402 |       |       ||   402
       Scimitar          |       |       |       |    40 |   214 |   131 ||   385
       Dagger            |       |       |       |    17 |       |       ||    17
       Battleaxe         |       |       |       |   114 |       |       ||   114
       Broad axe         |       |       |       |    48 |  1000 |   288 ||  1336
       Great mace        |       |       |       |       |     7 |       ||     7
       Mace              |       |       |       |       |    21 |       ||    21
       Executioner's axe |       |       |       |       |       |   221 ||   221
Invok: Brothers in Arms  |       |       |     1 |     2 |     6 |     2 ||    11
       Trog's Hand       |       |       |       |       |     1 |       ||     1
 Abil: Dig               |     3 |       |       |       |     6 |       ||     9
Evoke: Wand              |       |       |     6 |     6 |    23 |     6 ||    41
  Use: Potion            |     1 |     1 |     5 |     3 |     7 |     7 ||    24
       Scroll            |       |    11 |       |    12 |    12 |     3 ||    38
 Stab: Distracted        |       |       |       |       |     3 |       ||     3
       Petrified         |       |       |       |       |     2 |       ||     2
       Petrifying        |       |       |       |       |     1 |       ||     1
       Confused          |       |       |       |       |       |     3 ||     3
  Eat: Chunk             |     4 |     4 |    20 |    17 |    35 |     6 ||    86
       Ration            |       |       |       |     5 |     4 |     3 ||    12
Armor: Animal skin       |    21 |       |       |       |       |       ||    21
       Leather armour    |    13 |     8 |       |       |       |       ||    21
       Ring mail         |       |    25 |    74 |       |       |       ||    99
       Plate armour      |       |       |   373 |   436 |   466 |   362 ||  1637
       Skin              |       |       |       |       |       |    25 ||    25
Dodge: Dodged            |    69 |    60 |   389 |   341 |   367 |   276 ||  1502
Block: Buckler           |       |       |       |    82 |       |       ||    82
       Large shield      |       |       |       |       |  1033 |   703 ||  1736
       Rpst.: Scimitar   |       |       |       |     4 |    20 |    15 ||    39

Table legend:
 A = Spawn XP
 B = Non-spawn XP
 C = Spawn XP percentage of total XP
 D = Spawn monster count
 E = Non-spawn monster count
 F = Spawn count percentage of total count
 G = Total turns spent on level
                    A         B        C        D         E        F      G
               +---------+---------+-------+---------+---------+-------+---------
         Total |       0 |  166158 |   0.0 |       0 |     873 |   0.0 | 34581
               +---------+---------+-------+---------+---------+-------+---------
           D:1 |       0 |      23 |   0.0 |       0 |      16 |   0.0 |  1228
           D:2 |       0 |      67 |   0.0 |       0 |      22 |   0.0 |  1398
           D:3 |       0 |     747 |   0.0 |       0 |      40 |   0.0 |  1446
           D:4 |       0 |     712 |   0.0 |       0 |      16 |   0.0 |  1329
           D:5 |       0 |     826 |   0.0 |       0 |      28 |   0.0 |  1206
           D:6 |       0 |    1316 |   0.0 |       0 |      89 |   0.0 |  2500
           D:7 |       0 |    1095 |   0.0 |       0 |      28 |   0.0 |  1561
           D:8 |       0 |    4010 |   0.0 |       0 |      36 |   0.0 |  1414
           D:9 |       0 |    4850 |   0.0 |       0 |      40 |   0.0 |  1493
          D:10 |       0 |    2953 |   0.0 |       0 |      44 |   0.0 |  1864
          D:11 |       0 |    7844 |   0.0 |       0 |      50 |   0.0 |  1140
          D:12 |       0 |    3821 |   0.0 |       0 |      20 |   0.0 |   730
        Lair:1 |       0 |    3906 |   0.0 |       0 |      18 |   0.0 |  1084
        Lair:2 |       0 |   11234 |   0.0 |       0 |      33 |   0.0 |  2781
        Lair:3 |       0 |    5474 |   0.0 |       0 |      27 |   0.0 |  1412
        Lair:4 |       0 |    9451 |   0.0 |       0 |      47 |   0.0 |  1016
        Lair:5 |       0 |    4651 |   0.0 |       0 |      24 |   0.0 |   816
        Lair:6 |       0 |   17137 |   0.0 |       0 |      51 |   0.0 |  1253
       Swamp:1 |       0 |   11792 |   0.0 |       0 |      32 |   0.0 |  1035
       Swamp:2 |       0 |   18226 |   0.0 |       0 |      40 |   0.0 |  1229
       Swamp:3 |       0 |   19569 |   0.0 |       0 |      28 |   0.0 |  1375
       Swamp:4 |       0 |   24873 |   0.0 |       0 |      55 |   0.0 |  1697
         Orc:1 |       0 |    5610 |   0.0 |       0 |      50 |   0.0 |  1919
         Orc:2 |       0 |    5971 |   0.0 |       0 |      39 |   0.0 |  1588
               +---------+---------+-------+---------+---------+-------+---------
